 Dungeon Crawl Stone Soup version 0.29-a0-824-gd827844252 (webtiles) character file.

Game seed: 616275387926978397

14205 buhh the Martial Artist (level 12, -5/104 HPs)
             Began as an Octopode Transmuter on July 9, 2022.
             Was an Elder of Cheibriados.
             Slain by a five-headed hydra (8 damage)
             ... on level 2 of the Lair of Beasts.
             The game lasted 00:08:25 (9972 turns).

buhh the Martial Artist (Octopode Transmuter)       Turns: 9972, Time: 00:08:25

Health: -5/104     AC: 14    Str: 25    XL:     12   Next: 14%
Magic:  11/15      EV: 17    Int: 30    God:    Cheibriados [****..]
Gold:   576        SH:  0    Dex: 23    Spells: 5/15 levels left

rFire   x . .      SeeInvis .     - Unarmed
rCold   + + +      Faith    .   (shield currently unavailable)
rNeg    . . .      Spirit   .   (helmet currently unavailable)
rPois   +          Reflect  .   o - amulet of regeneration
rElec   .          Harm     .   g - +4 ring of protection
rCorr   .          Rampage  .   s - +4 ring of slaying
Will    .....                   C - +6 ring of strength
Stlth   ++........              (no ring)
HPRegen 1.07/turn               (no ring)
MPRegen 0.14/turn               (no ring)
                                (no ring)
                                (no ring)

@: about to teleport, ice-form, very slow
A: freezing attack, boosted hp, almost no armour, amphibious, 8 rings, large,
(camouflage 1), (gelatinous body 1), (nimble swimmer 1), (tentacles)
a: End Transformation, Renounce Religion, Bend Time, Temporal Distortion, Slouch


You were on level 2 of the Lair of Beasts.
You worshipped Cheibriados.
Cheibriados was greatly pleased with you.
You were a creature of crystalline ice.
You visited 3 branches of the dungeon, and saw 11 of its levels.
You also visited: Sewer.

You collected 576 gold pieces.

Inventory:

Missiles
 p - a throwing net
 x - 5 poisoned darts
Magical Staves
 F - a staff of air
Jewellery
 g - a +4 ring of protection (left front paw)
 j - an amulet of the acrobat
 o - an amulet of regeneration (around neck)
 s - a +4 ring of slaying (right front paw)
 C - a +6 ring of strength (on tentacle)
 G - an amulet of magic regeneration
Wands
 u - a wand of flame (91)
 w - a wand of charming (24)
 E - a wand of iceblast (3)
Scrolls
 b - 5 scrolls of fog
 c - 2 scrolls of identify {!d}
 e - a scroll of brand weapon
 f - 3 scrolls of poison
 k - a scroll of torment {unknown}
 m - 8 scrolls of teleportation {!d}
 n - 2 scrolls of magic mapping {!r!d}
 y - 4 scrolls of enchant weapon
 A - a scroll of blinking {!d}
 B - 3 scrolls of enchant armour
Potions
 a - 3 potions of lignification {!d}
 d - a potion of resistance {!q!d}
 h - 7 potions of flight
 i - 2 potions of heal wounds {!q!d}
 l - 3 potions of degeneration {unknown}
 q - 3 potions of mutation {!d}
 r - a potion of ambrosia {unknown}
 t - 2 potions of brilliance {!q!d}
 v - 6 potions of curing {unknown}
 z - 2 potions of attraction {unknown}
 D - 2 potions of might {unknown}
 H - a potion of haste {unknown}


   Skills:
 * Level 9.7 Fighting
 * Level 9.7 Dodging
 - Level 2.0 Stealth
 * Level 9.8 Unarmed Combat
 - Level 2.0 Spellcasting
 * Level 9.2 Transmutations
 - Level 5.0 Ice Magic
 - Level 1.0 Poison Magic


You had 5 spell levels left.
You knew the following spells:

 Your Spells              Type           Power      Damage    Failure   Level
a - Beastly Appendage     Tmut           100%       N/A       1%          1
b - Wereblood             Tmut           55%        N/A       1%          2
c - Spider Form           Tmut/Pois      33%        N/A       3%          3
d - Ice Form              Ice/Tmut       45%        N/A       4%          4

Your spell library contained the following spells:

 Spells                   Type           Power      Damage    Failure   Level
 Sting                    Tmut/Pois      100%       1d8       1%          1
 Ozocubu's Armour         Ice            33%        N/A       3%          3
 Ignite Poison            Fire/Tmut/Pois 23%        N/A       6%          3
 Foxfire                  Conj/Fire      12%        2x1d4     8%          1
 Poisonous Vapours        Pois/Air       12%        N/A       10%         2
 Static Discharge         Conj/Air       3%         3-4/arc   12%         2
 Mephitic Cloud           Conj/Pois/Air  4%         N/A       22%         3
 Conjure Flame            Conj/Fire      3%         6-21      24%         3
 Inner Flame              Hex/Fire       3%         N/A       24%         3
 Olgreb's Toxic Radiance  Pois           9%         N/A       45%         4
 Dispel Undead            Necr           3%         3d7       61%         4
 Flame Wave               Conj/Fire      3%         2d4       61%         4
 Leda's Liquefaction      Hex/Erth       1%         N/A       61%         4
 Sticky Flame             Conj/Fire      3%         2d3       61%         4
 Freezing Cloud           Conj/Ice/Air   6%         6-21      75%         5
 Lee's Rapid Deconstruct  Erth           1%         3d5*      91%         5
 Statue Form              Tmut/Erth      20%        N/A       88%         6
 Ozocubu's Refrigeration  Ice            16%        4d8       100%        7


Dungeon Overview and Level Annotations

Branches:
Dungeon (8/15) Zot: 40082  Temple (1/1) D:5 Zot: 8933    Lair (2/6) D:8 Zot: 15203
  Sewer (visited)
  Swamp: Lair:2-4    Shoals: Lair:2-4     Snake: Lair:2-4    Spider: Lair:2-4

Altars:
Ashenzari
Cheibriados
Dithmenos
Elyvilon
Fedhas
Gozag
Hepliaklqana
Kikubaaqudgha
Makhleb
Qazlal
Ru
Sif Muna
Trog
Uskayaw
Vehumet
Wu Jian
Xom
Yredelemnul
Zin

Shops:
D:2 ?

Annotations:
D:5 2 runed translucent doors, coolguy69's ghost, novice VSMo
D:6 3 runed translucent doors, crusatyr's ghost, novice HuBe
Temple 2 transporters


Innate Abilities, Weirdness & Mutations

You are a creature of crystalline ice.
You have a powerful freezing melee attack.
Your maximum health is increased.
Your armour is entirely melded.
You are incapable of wielding weapons or throwing items.
You cannot wear most types of armour.
You are amphibious.
You can wear up to eight rings at the same time.
((Your skin changes colour to match your surroundings (Stealth+).))
((Your rubbery body absorbs attacks. (AC +1, EV +1)))
((You are camouflaged when in or above water. (Stealth+)))
((You have tentacles for arms and can constrict up to eight enemies at once.))


Message History

The harpoon shot hits you!
You are yanked forward by the harpoon shot.
Floosh!
The swamp worm closely misses you.
The five-headed hydra roars!
You turn into a creature of crystalline ice.
The swamp worm closely misses you.
The swamp worm fires a harpoon shot at you.
The harpoon shot hits you!
You are yanked forward by the harpoon shot.
Floosh!
As you read the scroll of teleportation {!d}, it crumbles to dust.
You feel strangely unstable. The swamp worm completely misses you.
The swamp worm bites you but does no damage.
Okay, then.
The five-headed hydra attacks as you move away!
The five-headed hydra bites you.
The five-headed hydra barely misses you.
The five-headed hydra closely misses you.
The five-headed hydra bites you but does no damage. x2
The swamp worm bites you! The five-headed hydra bites you.
The five-headed hydra bites you!
The five-headed hydra bites you but does no damage. x2
The five-headed hydra misses you. The swamp worm bites you! x2
* * * LOW HITPOINT WARNING * * *
The five-headed hydra bites you.
* * * LOW HITPOINT WARNING * * *
The five-headed hydra misses you.
The five-headed hydra bites you but does no damage.
The five-headed hydra bites you.
* * * LOW HITPOINT WARNING * * *
The five-headed hydra bites you.
* * * LOW HITPOINT WARNING * * *
The five-headed hydra attacks as you move away!
The five-headed hydra bites you but does no damage.
The five-headed hydra bites you!
* * * LOW HITPOINT WARNING * * *
The five-headed hydra closely misses you.
The five-headed hydra bites you!
You die...

.###..###### ### ###
..#..#.#.#.###.###.#
..................##
####.♣P♣♣#♣##♣♣##..##
♣.♣♣♣♣ ♣♣♣♣♣..#
♣♣♣≈..♣♣♣♣♣≈≈≈♣..#
≈..§§§♣≈≈≈≈♣.##
♣§§§♣≈≈Dw♣.##
♣§♣≈≈wY♣.P#
♣..≈≈≈≈♣.## #♣
♣...≈≈≈♣..# P♣
♣♣..≈≈...## .♣
♣♣.♣≈...# #♣ ♣♣♣♣.♣##
##♣♣♣♣ ♣♣♣ .P#♣.#
.....#


You could see a five-headed hydra and 2 swamp worms.

Vanquished Creatures
  Gastronok (Lair:2)
  2 hydras
  Nergalle (Lair:1)
  A black mamba (Lair:2)
  6 cane toads
  A rime drake (Lair:1)
  4 komodo dragons
  A tyrant leech (Lair:2)
  3 blink frogs (Lair:2)
  Sigmund (D:2)
  3 wyverns
  17 yaks (Lair:2)
  A basilisk (Lair:2)
  3 swamp worms (Lair:2)
  3 water moccasins
  An orc warrior (D:8)
  3 ice beasts
  A sky beast (D:7)
  3 ogres
  A black bear (D:6)
  3 wolves (Lair:2)
  3 centaurs
  Blork the orc (D:5)
  11 bullfrogs
  2 scorpions
  A necrophage (D:4)
  5 wights (D:7)
  2 electric eels (D:6)
  4 hounds
  A centaur zombie (D:4)
  A gnoll bouda (D:6)
  4 orc priests
  A jelly (D:5)
  Jessica (D:2)
  Natasha (thrice) (D:3)
  An iguana (D:6)
  A merfolk siren (Sewer)
  5 orc wizards
  A merfolk avatar (Sewer)
  Robin (D:3)
  8 gnolls
  2 river rats
  13 adders
  A white imp (D:7)
  2 ufetubi
  An adder zombie (D:4)
  A worm (D:2)
  3 dart slugs
  30 orcs
  8 ball pythons
  6 bats
  8 endoplasms
  8 giant cockroaches
  17 goblins
  7 hobgoblins
  4 jackals (D:3)
  3 quokkas
  8 frilled lizards
  12 kobolds
  31 rats
282 creatures vanquished.

Vanquished Creatures (others)
  11 fungi (Lair:2)
  17 plants
28 creatures vanquished.

Grand Total: 310 creatures vanquished

Notes
Turn   | Place    | Note
-------+----------+-------------------------------------------
     0 | D:1      | buhh the Octopode Transmuter began the quest for the Orb.
     0 | D:1      | Reached XP level 1. HP: 13/13 MP: 3/3
   216 | D:1      | Reached XP level 2. HP: 10/18 MP: 3/5
   720 | D:1      | Reached XP level 3. HP: 23/23 MP: 4/6
  1214 | D:2      | Found Bunih's Magic Scroll Boutique.
  1319 | D:2      | Noticed Sigmund
  1340 | D:2      | Killed Sigmund
  1341 | D:2      | Reached XP level 4. HP: 31/31 MP: 7/7
  1341 | D:2      | Reached XP level 5. HP: 36/36 MP: 8/8
  1632 | D:2      | Noticed Jessica
  1639 | D:2      | Killed Jessica
  1640 | D:2      | Reached XP level 6. HP: 42/42 MP: 9/9
  1677 | D:2      | Found a faded altar of an unknown god.
  1715 | D:2      | Identified the +3 leather armour "Doiloth" {rC+ Int+3 SInv}
  2123 | D:3      | Noticed Robin
  2134 | D:2      | Learned a level 2 spell: Wereblood
  2138 | D:2      | Learned a level 3 spell: Spider Form
  2151 | D:3      | Killed Robin
  2258 | D:3      | Noticed Natasha
  2264 | D:3      | Killed Natasha
  2335 | D:3      | Found a stormy altar of Qazlal.
  2337 | D:3      | Noticed a fire elemental
  2340 | D:3      | Noticed a water elemental
  2340 | D:3      | Noticed an air elemental
  2376 | D:3      | Found a glowing drain.
  2405 | Sewer    | Entered a sewer
  2887 | D:3      | Reached XP level 7. HP: 37/47 MP: 2/10
  3032 | D:3      | Noticed Natasha
  3042 | D:3      | Killed Natasha
  3043 | D:3      | Reached skill level 5 in Unarmed Combat
  3090 | D:3      | Noticed Natasha
  3097 | D:3      | Killed Natasha
  3317 | D:3      | You fall into a shaft and drop 2 floors!
  3317 | D:5      | Entered Level 5 of the Dungeon
  3379 | D:5      | Found a large runed translucent door.
  3381 | D:5      | Found a large runed translucent door.
  3383 | D:5      | Noticed coolguy69's ghost (novice VSMo)
  3486 | D:5      | Found a staircase to the Ecumenical Temple.
  3494 | Temple   | Entered the Ecumenical Temple
  3494 | Temple   | Found a transporter.
  3494 | Temple   | Found a transporter.
  3496 | Temple   | Found a transporter.
  3496 | Temple   | Found a transporter.
  3522 | Temple   | Became a worshipper of Cheibriados the Contemplative
  3560 | D:5      | Reached skill level 5 in Dodging
  3635 | D:5      | Found a bloodstained altar of Trog.
  3668 | D:5      | Reached XP level 8. HP: 39/54 MP: 11/11
  3734 | D:5      | Reached skill level 5 in Fighting
  3815 | D:5      | Found a shimmering altar of Xom.
  3937 | D:5      | Noticed Blork the orc
  3941 | D:5      | Killed Blork the orc
  4343 | D:4      | Reached * piety under Cheibriados
  5294 | D:4      | Found a basalt altar of Yredelemnul.
  5540 | D:4      | Found an opulent altar of Gozag.
  5924 | D:6      | Found a hide-covered altar of Uskayaw.
  6133 | D:6      | Found a runed translucent gate.
  6134 | D:6      | Found a runed translucent gate.
  6134 | D:6      | Noticed crusatyr's ghost (novice HuBe)
  6136 | D:6      | Found a runed translucent gate.
  6186 | D:6      | Reached ** piety under Cheibriados
  6310 | D:6      | Reached XP level 9. HP: 48/62 MP: 12/12
  6413 | D:6      | Found an ornate altar of the Wu Jian Council.
  6556 | D:6      | Reached skill level 5 in Transmutations
  6975 | D:7      | Reached skill level 5 in Ice Magic
  7719 | D:8      | Reached *** piety under Cheibriados
  7846 | D:8      | Found a broken altar of Ashenzari.
  7938 | D:8      | Found a staircase to the Lair.
  7939 | D:8      | Noticed a komodo dragon
  7961 | D:8      | Killed a komodo dragon
  7962 | D:8      | Reached XP level 10. HP: 65/69 MP: 9/13
  7983 | Lair:1   | Entered Level 1 of the Lair of Beasts
  7987 | Lair:1   | Identified the +8 hand axe of Dithmenos's Generosity
                  | {freeze, Fly rPois rC++}
  8019 | Lair:1   | Noticed a cane toad
  8041 | Lair:1   | Noticed a cane toad
  8078 | Lair:1   | Killed a cane toad
  8107 | Lair:1   | Learned a level 4 spell: Ice Form
  8122 | Lair:1   | Killed a cane toad
  8181 | Lair:1   | Noticed Nergalle
  8191 | Lair:1   | Killed Nergalle
  8350 | Lair:1   | Noticed a six-headed hydra
  8359 | Lair:1   | Killed a six-headed hydra
  8673 | Lair:1   | Noticed a cane toad
  8681 | Lair:1   | Reached skill level 8 in Fighting
  8681 | Lair:1   | Reached skill level 8 in Dodging
  8681 | Lair:1   | Reached skill level 8 in Unarmed Combat
  8683 | Lair:1   | Killed a cane toad
  8921 | Lair:2   | Noticed a cane toad
  8923 | Lair:2   | Reached XP level 11. HP: 77/77 MP: 10/14
  8933 | Lair:2   | Reached **** piety under Cheibriados
  9045 | Lair:2   | Reached skill level 8 in Transmutations
  9149 | Lair:2   | Noticed Gastronok
  9165 | Lair:2   | Killed Gastronok
  9454 | Lair:2   | Noticed an eight-headed hydra
  9465 | Lair:2   | Noticed a five-headed hydra
  9466 | Lair:2   | Killed an eight-headed hydra
  9597 | Lair:2   | Reached XP level 12. HP: 86/86 MP: 12/15
  9972 | Lair:2   | HP: 3/104 [five-headed hydra (13)]
  9972 | Lair:2   | Slain by a five-headed hydra

Illustrated notes

Levels and vault maps discovered:
D:1:      evilmike_arrival_home_sweet_home, layout_basic
D:2:      layout_loops_cross, serial_shops, nicolae_square_shop,
          shapermc_ecumenical_altar_totnotflames, uniq_sigmund, uniq_jessica
D:3:      layout_loops_ring, nicolae_qazlal_style_of_elements,
          portal_sewer_entry_a, amcnicky_mini_rare_corridor_liquid,
          nrook_campfire, nrook_mini_vaults, uniq_robin, uniq_natasha
D:4:      layout_loops_corners, mainiacjoe_overflow_alcove_4,
          lemuel_zombie_altar_yredelemnul, due_unseen_surprise
D:5:      layout_gridville, trog_book, brannock_xom_greatest_gift,
          minmay_temple_entry_ruins, ebering_ghost_disaster_area,
          uniq_blork_the_orc
D:6:      layout_basic, lemuel_coloured_pillars_altar, lemuel_crystal_altar,
          ebering_ghost_rock_garden, nicolae_lava_and_water
D:7:      layout_loops_cross
D:8:      layout_gridville, ashenzari_altar_1, nicolae_tso_carved_into_rock,
          david_lair_shrubbed, serial_rivers, chequers_serial_rivers_large_a,
          chequers_serial_rivers_large_b, chequers_serial_rivers_micro_d,
          chequers_serial_rivers_room_a, chequers_serial_rivers_micro_e,
          chequers_serial_rivers_micro_d
Temple:   hellmonk_temple_divided_pantheon
Lair:1:   layout_chaotic_city, grunt_megastairs_4, infiniplex_staircase_pool,
          lemuel_fruit_tree, lemuel_fruit_fields, uniq_nergalle
Lair:2:   layout_loops_ring, palyth_hydra_swamp_entry, serial_bayou_shore_b,
          uniq_gastronok

Skill      XL: |  1  2  3  4  5  6  7  8  9 10 11 |
---------------+----------------------------------+-----
Stealth        | 1 2 |  2.0
Poison Magic   | 1 |  1.0
Fighting       | 3 4 6 8 9 |  9.7
Dodging        | 3 4 5 6 8 9 |  9.7
Unarmed Combat | 4 5 6 8 9 |  9.8
Transmutations | 4 6 7 9 |  9.2
Ice Magic      | 2 5 |  5.0
Spellcasting   | |  2.0

Action                   |  1- 3 |  4- 6 |  7- 9 | 10-12 || total
-------------------------+-------+-------+-------+-------++-------
Melee: Unarmed           |    81 |   144 |   259 |   163 ||   647
       Kick              |    17 |    32 |    48 |       ||    97
       Constrict         |    20 |    31 |    48 |       ||    99
       Tentacles         |    14 |    23 |    35 |       ||    72
       Punch             |     2 |     3 |    15 |       ||    20
 Cast: Beastly Appendage |    20 |    28 |    49 |     3 ||   100
       Wereblood         |       |     4 |     3 |     1 ||     8
       Spider Form       |       |     1 |     9 |     2 ||    12
       Ice Form          |       |       |       |    25 ||    25
Evoke: Wand              |       |       |     2 |       ||     2
  Use: Potion            |     1 |       |     1 |     1 ||     3
       Scroll            |       |       |    13 |     4 ||    17
 Stab: Sleeping          |     6 |    10 |    16 |     2 ||    34
Armor: Skin              |    16 |    34 |    36 |    53 ||   139
Dodge: Dodged            |    35 |    86 |   221 |   100 ||   442

Table legend: (Time is in decaauts)
 A = Elapsed time spent in this place.
 B = Non-inter-level travel time spent in this place.
 C = Inter-level travel time spent in this place.
 D = Time resting spent in this place.
 E = Time spent auto-exploring this place.
 F = Levels seen in this place.
 G = Mean time per level.
                   A        B        C        D        E       F      G
               +--------+--------+--------+--------+--------+-----+--------+
         Total |  12302 |  11835 |    467 |    444 |   9586 |  12 | 1025.2 |
       Dungeon |   9037 |   8622 |    415 |    444 |   6971 |   8 | 1129.6 |
        Temple |     52 |     40 |     12 |      0 |      7 |   1 |   52.0 |
          Lair |   2799 |   2759 |     40 |      0 |   2353 |   2 | 1399.5 |
         Sewer |    412 |    412 |      0 |      0 |    254 |   1 |  412.0 |
               +--------+--------+--------+--------+--------+-----+--------+

Top non-repeatable levels by time:
     D:4: 1754 daAuts
     D:6: 1511 daAuts
  Lair:2: 1433 daAuts
  Lair:1: 1365 daAuts
     D:1: 1207 daAuts
     D:5: 1164 daAuts
     D:7: 1065 daAuts
     D:3: 1001 daAuts
     D:2: 919 daAuts
     D:8: 415 daAuts
   Sewer: 412 daAuts
  Temple: 52 daAuts
